 Dungeon Crawl Stone Soup version 0.23.0-3-gf3c87f2 (webtiles) character file.

Game seed: 6600107528364105234

35 Borgoz the Skirmisher (level 3, 0/31 HPs)
             Began as a Ghoul Monk on Feb 23, 2019.
             Slain by an adder (4 damage)
             ... on level 2 of the Dungeon.
             The game lasted 00:02:38 (1358 turns).

Borgoz the Skirmisher (Ghoul Monk)                  Turns: 1358, Time: 00:02:39

Health: 0/31       AC:  4    Str: 14    XL:     3   Next: 35%
Magic:  2/2        EV: 12    Int:  6    God:
Gold:   46         SH:  0    Dex: 11    Spells: 2/2 levels left

rFire    . . .     SeeInvis .   e - +0 dagger
rCold    + . .     Gourm    .   (no shield)
rNeg     + + +     Faith    .   h - +1 leather armour
rPois    ∞         Spirit   .   (no helmet)
rElec    .         Reflect  .   (no cloak)
rCorr    .         Harm     .   (no gloves)
MR       .....                  (no boots)
Stlth    ++........             (no amulet)
HPRegen  0.00/turn              (no ring)
MPRegen  0.08/turn              (no ring)

@: rotting
A: rotting body, claws 1, carnivore, cold resistance 1, negative energy
resistance 3, inhibited regeneration, torment resistance, unbreathing
a: no special abilities


You were on level 2 of the Dungeon.
You were not hungry.

You visited 1 branch of the dungeon, and saw 2 of its levels.

You collected 46 gold pieces.

Inventory:

Hand Weapons
 e - a +0 dagger (weapon)
Missiles
 f - 17 poisoned needles
Armour
 h - a +1 leather armour (worn)
Scrolls
 d - a scroll of noise
Comestibles
 c - 2 rations


   Skills:
 - Level 3.2 Fighting
 + Level 3.1 Short Blades
 + Level 1.2 Armour
 + Level 3.1 Dodging
 - Level 2.1 Stealth


You had 2 spell levels left.
You didn't know any spells.
Your spell library was empty.

Dungeon Overview and Level Annotations

Branches:
Dungeon (2/15)

Altars:
Makhleb


Innate Abilities, Weirdness & Mutations

Your body is rotting away.
You thrive on raw meat.
You are immune to poison.
You have sharp fingernails.
You are carnivorous and can eat meat at any time.
Your flesh is cold resistant. (rC+)
You are immune to negative energy. (rN+++)
You do not regenerate when monsters are visible.
You are immune to unholy pain and torment.
You can survive without breathing.


Message History

The adder closely misses you.
You hit the adder but do no damage. The hobgoblin closely misses you.
The adder barely misses you.
You hit the adder.
The adder is lightly wounded.
The adder closely misses you.
The hobgoblin hits you but does no damage.
You closely miss the adder.
The adder is lightly wounded.
The adder barely misses you.
Eat a chunk of flesh? (ye/n/q)
You eat the chunk of flesh.
This raw flesh tastes great!
The hobgoblin misses you. The adder barely misses you.
A hobgoblin comes into view. It is wielding a +0 club.
Okay, then.
The adder bites you.
* * * LOW HITPOINT WARNING * * *
The adder bites you but does no damage. The adder bites you.
You die...

####......#...........#
#..................$..#
...........##.........#
.....#.......g...######
#.....#.....###
##...÷.....g##
#..........[.#
#....####....#S## ###
#.#.. ##......@# ...
#.#.#
#...##...#######.#.. .
#. #.#..#............ #
#. #..##...........#
...# ###......<..# ....
##.........# .....
#...........##.. ....
#.#............)_
#.#........#.##..


You could see an adder and 2 hobgoblins.

Vanquished Creatures
  A dart slug (D:1)
  A worm (D:1)
  A leopard gecko (D:1)
  A ball python (D:1)
  5 bats
  A giant cockroach (D:1)
  4 goblins (D:1)
  5 hobgoblins (D:1)
  2 jackals (D:1)
  A frilled lizard (D:1)
  2 kobolds (D:1)
  4 rats (D:1)
28 creatures vanquished.

Notes
Turn   | Place    | Note
-------+----------+-------------------------------------------
     0 | D:1      | Borgoz the Ghoul Monk began the quest for the Orb.
     0 | D:1      | Reached XP level 1. HP: 19/19 MP: 0/0
    71 | D:1      | Reached XP level 2. HP: 13/26 MP: 1/1
   636 | D:1      | Reached skill level 1 in Armour
   805 | D:1      | Reached XP level 3. HP: 22/31 MP: 2/2
  1034 | D:2      | Found a burning altar of Makhleb.
  1358 | D:2      | Slain by an adder

Skill      XL: |  1  2 |
---------------+-------+-----
Dodging        | 3 |  3.1
Short Blades   | 3 |  3.1
Armour         | 1 |  1.2
Fighting       | |  3.2
Stealth        | |  2.1

Action                   || total
-------------------------++-------
Melee: Short sword       ||    20
       Dagger            ||   153
  Use: Scroll            ||     4
 Stab: Sleeping          ||     5
  Eat: Chunk             ||    14
Armor: Robe              ||     8
       Leather armour    ||    31
Dodge: Dodged            ||   131
